Warning! The script has encountered some errors when parsing the replay. Please report them to the . » details
0x00, prev: 0x16: 16 02 01 00 5C B8 00 00 A0 4D 06 00 [00] 00 00 00 00 00 00 00 00 00 00 00 00 00 00 00 00 00 00 00 00 00 00 00 03 00
0x00, prev: 0x00: 16 02 01 00 5C B8 00 00 A0 4D 06 00 00 00 00 00 00 00 00 00 00 00 00 00 00 00 00 00 00 00 00 00 00 00 [00] 00 03 00
0x00, prev: 0x04: 16 02 03 00 BB 59 00 00 18 29 04 00 9A B2 00 00 8B 54 05 00 A2 B2 00 00 D6 98 05 00 00 00 00 00 00 00 00 00 00 00 00 00 00 00 00 00 00 00 00 00 00 00 00 00 04 [00] 01 0A 00 51 06 2C 01 00 00 00 00 00 00 03 1F 00 12 08 00 03 00 0D 00 FF FF FF FF FF FF FF FF EB ED 38 C4 25 33 24 45 FF FF FF FF FF FF FF FF
General information
- name: BNet
- type: Ladder team game (AT/RT)
- host: Battle.net
- saver: brucewillisusa
map: GolemsInTheMist
- players: 8
- length: 20:35
- speed: Fast
- version: 1.23 W3XP
- replay type: Public
» download(132 KB)
Players
team 1 (loser)
F22 (
yellow | 59 APM | 1200 actions | 20:29)
3 Blood Mage
2 Flame Strike
1 Siphon Mana
1 Keeper of the Grove
1 Force of Nature
2 Archmage
1 Blizzard
1 Brilliance Aura
» actions
| Assign group hotkey | 22 | |
| Basic commands | 4 | |
| Build / train | 72 | |
| Enter build submenu | 40 | |
| Enter hero's abilities submenu | 6 | |
| Give item / drop item | 1 | |
| Right click | 396 | |
| Select / deselect | 306 | |
| Select group hotkey | 289 | |
| Use ability | 64 | |
1200 total
» units
| Peasant | 10 | |
| Wisp | 4 | |
| Footman | 8 | |
| Goblin Shredder | 4 | |
| Knight | 8 | |
| Siege Engine | 5 | |
| Chimaera | 4 | |
| Mortar Team | 4 | |
47 total
» upgrades
| Defend | 1 | |
| Lumber Harvesting | 1 | |
| Animal War Training | 1 | |
| Barrage | 1 | |
| Corrosive Breath | 1 | |
| Fragmentation Shards | 1 | |
6 total
» buildings
| Altar of Kings | 1 | |
| Barracks | 2 | |
| Farm | 12 | |
| Scout Tower | 4 | |
| Arcane Tower | 1 | |
| Keep | 1 | |
| Arcane Vault | 1 | |
| Tree of Ages | 1 | |
| Blacksmith | 1 | |
| Ancient of Wonders | 1 | |
| Ancient Protector | 3 | |
| Lumber Mill | 1 | |
| Town Hall | 1 | |
| Castle | 1 | |
| Tree of Eternity | 1 | |
| Ancient of Wind | 2 | |
| Guard Tower | 2 | |
| Workshop | 2 | |
| Chimaera Roost | 2 | |
| Tree of Life | 1 | |
| Moon Well | 3 | |
44 total
» build order
00:14 Altar of Kings
00:21 Barracks
00:25 Farm
00:26 Farm
01:46 Farm
02:31 Scout Tower
03:07 Arcane Tower
03:21 Keep
03:27 Arcane Vault
03:41 Tree of Ages
04:07 Blacksmith
04:14 Ancient of Wonders
04:21 Ancient Protector
05:03 Lumber Mill
05:39 Ancient Protector
05:44 Ancient Protector
05:48 Town Hall
05:51 Castle
06:07 Tree of Eternity
06:17 Ancient of Wind
06:30 Ancient of Wind
06:39 Farm
06:40 Farm
06:53 Scout Tower
08:17 Guard Tower
08:20 Scout Tower
08:20 Scout Tower
08:35 Workshop
08:41 Workshop
09:12 Chimaera Roost
09:21 Chimaera Roost
09:29 Guard Tower
09:33 Barracks
10:04 Tree of Life
10:20 Farm
10:22 Farm
10:35 Moon Well
11:15 Farm
11:17 Farm
11:18 Farm
11:18 Farm
11:26 Moon Well
11:28 Moon Well
11:56 Farm
» items
| Scroll of Regeneration | 2 | |
| Lesser Clarity Potion | 1 | |
| Potion of Healing | 1 | |
4 total
po0py (
teal | 76 APM | 1551 actions | 20:30)
5 Far Seer
3 Feral Spirit
2 Chain Lighting
1 Keeper of the Grove
1 Entangling Roots
2 Shadow Hunter
1 Healing Wave
1 Hex
» actions
| Assign group hotkey | 62 | |
| Basic commands | 126 | |
| Build / train | 75 | |
| ESC pressed | 5 | |
| Enter build submenu | 20 | |
| Enter hero's abilities submenu | 8 | |
| Right click | 491 | |
| Select / deselect | 286 | |
| Select group hotkey | 419 | |
| Use ability | 59 | |
1551 total
» units
| Peon | 9 | |
| Wisp | 9 | |
| Grunt | 3 | |
| Archer | 3 | |
| Huntress | 2 | |
| Wind Rider | 17 | |
| Raider | 2 | |
| Kodo Beast | 1 | |
| Chimaera | 1 | |
| Druid of the Talon | 4 | |
51 total
» upgrades
| Ranged Weapons | 3 | |
| Ensnare | 1 | |
| Envenomed Spears | 1 | |
| Armor | 2 | |
7 total
» buildings
| Orc Burrow | 6 | |
| Altar of Storms | 1 | |
| Altar of Elders | 1 | |
| Moon Well | 3 | |
| Barracks | 1 | |
| Ancient of War | 1 | |
| Hunter's Hall | 1 | |
| Stronghold | 2 | |
| War Mill | 1 | |
| Voodoo Lounge | 1 | |
| Beastiary | 2 | |
| Fortress | 1 | |
| Tree of Life | 1 | |
22 total
» build order
00:10 Orc Burrow
00:19 Altar of Storms
00:26 Altar of Elders
00:30 Moon Well
00:37 Barracks
00:52 Ancient of War
01:15 Orc Burrow
01:34 Moon Well
02:19 Hunter's Hall
02:49 Stronghold
02:50 Stronghold
03:15 Moon Well
03:24 War Mill
04:00 Voodoo Lounge
04:04 Orc Burrow
05:15 Beastiary
05:17 Beastiary
06:17 Orc Burrow
08:16 Orc Burrow
09:03 Fortress
11:12 Orc Burrow
13:29 Tree of Life
» items
| Scroll of Speed | 1 | |
| Healing Salve | 1 | |
| Scroll of Town Portal | 1 | |
3 total
milou6051 (
purple | 49 APM | 1001 actions | 20:34)
4 Priestess of the Moon
2 Trueshot Aura
2 Searing Arrows
» actions
| Assign group hotkey | 7 | |
| Build / train | 70 | |
| Enter build submenu | 25 | |
| Enter hero's abilities submenu | 5 | |
| Remove unit from queue | 6 | |
| Right click | 601 | |
| Select / deselect | 252 | |
| Select group hotkey | 4 | |
| Use ability | 31 | |
1001 total
» units
| Wisp | 22 | |
| Archer | 4 | |
| Huntress | 7 | |
| Dryad | 17 | |
| Druid of the Claw | 3 | |
53 total
» upgrades
| Abolish Magic | 1 | |
| Druid of the Claw Training | 2 | |
| Mark of the Claw | 1 | |
4 total
» buildings
| Moon Well | 7 | |
| Altar of Elders | 1 | |
| Ancient of War | 1 | |
| Hunter's Hall | 1 | |
| Ancient Protector | 1 | |
| Tree of Ages | 1 | |
| Tree of Life | 2 | |
| Ancient of Lore | 3 | |
| Ancient of Wind | 2 | |
| Chimaera Roost | 3 | |
| Tree of Eternity | 1 | |
23 total
» build order
00:19 Moon Well
00:35 Altar of Elders
00:49 Ancient of War
01:22 Moon Well
02:18 Hunter's Hall
02:35 Moon Well
03:25 Moon Well
03:31 Ancient Protector
04:26 Moon Well
05:26 Moon Well
05:28 Tree of Ages
06:45 Tree of Life
08:13 Tree of Life
08:18 Ancient of Lore
08:20 Ancient of Lore
08:26 Ancient of Wind
08:38 Chimaera Roost
08:46 Chimaera Roost
08:49 Chimaera Roost
11:18 Ancient of Lore
14:43 Tree of Eternity
17:33 Ancient of Wind
18:30 Moon Well
team 2 (winner)

»
GoBoilers (
green | 38 APM | 782 actions | 20:35)
5 Blood Mage
3 Flame Strike
2 Siphon Mana
4 Archmage
1 Summon Water Elemental
1 Blizzard
2 Brilliance Aura
» actions
| Basic commands | 1 | |
| Build / train | 74 | |
| Enter build submenu | 30 | |
| Enter hero's abilities submenu | 9 | |
| Right click | 284 | |
| Select / deselect | 329 | |
| Use ability | 55 | |
782 total
» units
| Peasant | 12 | |
| Rifleman | 9 | |
| Goblin Shredder | 1 | |
| Dragonhawk Rider | 2 | |
| Gryphon Rider | 4 | |
28 total
» upgrades
| Masonry | 3 | |
| Gunpowder | 1 | |
| Armor | 3 | |
| Swords | 3 | |
| Long Rifles | 1 | |
| Storm Hammers | 1 | |
| Cloud | 1 | |
13 total
» buildings
| Barracks | 1 | |
| Altar of Kings | 1 | |
| Farm | 12 | |
| Blacksmith | 1 | |
| Scout Tower | 7 | |
| Lumber Mill | 1 | |
| Arcane Tower | 1 | |
| Guard Tower | 5 | |
| Arcane Vault | 1 | |
| Town Hall | 2 | |
| Keep | 1 | |
| Castle | 1 | |
| Gryphon Aviary | 3 | |
37 total
» build order
00:10 Barracks
00:25 Altar of Kings
00:43 Farm
01:39 Blacksmith
01:51 Farm
01:56 Scout Tower
02:09 Scout Tower
02:17 Lumber Mill
02:42 Arcane Tower
03:15 Guard Tower
03:25 Farm
03:57 Farm
04:32 Arcane Vault
05:06 Town Hall
07:14 Keep
07:45 Farm
08:24 Farm
09:06 Farm
09:39 Castle
09:45 Gryphon Aviary
09:48 Gryphon Aviary
09:54 Scout Tower
09:57 Scout Tower
10:03 Gryphon Aviary
10:10 Scout Tower
10:15 Farm
10:31 Guard Tower
10:51 Guard Tower
10:56 Scout Tower
11:26 Guard Tower
11:29 Scout Tower
11:36 Farm
12:15 Farm
13:02 Farm
13:09 Guard Tower
13:44 Farm
16:17 Town Hall
» items
| Scroll of Regeneration | 7 | |
| Lesser Clarity Potion | 2 | |
| Potion of Healing | 2 | |
| Orb of Venom | 1 | |
| Scroll of Town Portal | 2 | |
14 total

»
brucewillisusa (
orange | 55 APM | 1135 actions | 20:35)
8 Priestess of the Moon
3 Trueshot Aura
3 Scout
1 Starfall
1 Searing Arrows
» actions
| Assign group hotkey | 68 | |
| Basic commands | 42 | |
| Build / train | 76 | |
| ESC pressed | 1 | |
| Enter build submenu | 14 | |
| Enter hero's abilities submenu | 8 | |
| Give item / drop item | 1 | |
| Right click | 341 | |
| Select / deselect | 277 | |
| Select group hotkey | 214 | |
| Use ability | 93 | |
1135 total
» units
| Wisp | 20 | |
| Glaive Thrower | 12 | |
| Goblin Zeppelin | 7 | |
| Goblin Shredder | 1 | |
| Goblin Sapper | 8 | |
48 total
» upgrades
| Vorpal Blades | 1 | |
| Strength of the Moon | 3 | |
| Nature's Blessing | 1 | |
| Moon Armor | 2 | |
7 total
» buildings
| Moon Well | 6 | |
| Altar of Elders | 1 | |
| Hunter's Hall | 1 | |
| Ancient of War | 4 | |
| Tree of Ages | 1 | |
| Tree of Life | 1 | |
| Tree of Eternity | 2 | |
| Ancient of Wonders | 1 | |
17 total
» build order
00:29 Moon Well
00:43 Altar of Elders
02:09 Hunter's Hall
02:13 Ancient of War
02:14 Ancient of War
02:20 Moon Well
03:10 Tree of Ages
04:25 Moon Well
04:51 Tree of Life
05:30 Moon Well
07:29 Tree of Eternity
07:29 Tree of Eternity
08:11 Ancient of Wonders
15:14 Moon Well
15:17 Moon Well
17:12 Ancient of War
17:13 Ancient of War
» items
| Scroll of Town Portal | 5 | |
| Anti-magic Potion | 2 | |
| Potion of Healing | 1 | |
| Scroll of Regeneration | 1 | |
9 total

»
a65768764354357 (
blue | 53 APM | 1083 actions | 20:35)
5 Mountain King
1 Storm Bolt
3 Bash
1 Thunder Clap
3 Paladin
2 Holy Light
1 Divine Shield
» actions
| Assign group hotkey | 25 | |
| Basic commands | 78 | |
| Build / train | 74 | |
| Enter build submenu | 29 | |
| Enter hero's abilities submenu | 8 | |
| Give item / drop item | 1 | |
| Remove unit from queue | 4 | |
| Right click | 260 | |
| Select / deselect | 193 | |
| Select group hotkey | 349 | |
| Use ability | 62 | |
1083 total
» units
| Peasant | 21 | |
| Footman | 8 | |
| Priest | 4 | |
| Knight | 3 | |
| Sorceress | 2 | |
38 total
» upgrades
| Swords | 3 | |
| Armor | 0 | |
| Plating | 3 | |
| Lumber Harvesting | 2 | |
| Priest Training | 1 | |
| Sorceress Training | 2 | |
| Animal War Training | 1 | |
12 total
» buildings
| Altar of Kings | 1 | |
| Farm | 12 | |
| Barracks | 2 | |
| Lumber Mill | 1 | |
| Blacksmith | 1 | |
| Scout Tower | 16 | |
| Arcane Tower | 1 | |
| Keep | 1 | |
| Town Hall | 4 | |
| Arcane Sanctum | 1 | |
| Guard Tower | 8 | |
| Castle | 1 | |
| Arcane Vault | 1 | |
50 total
» build order
00:08 Altar of Kings
00:10 Farm
00:11 Farm
00:55 Barracks
01:26 Lumber Mill
01:43 Farm
01:55 Blacksmith
02:01 Farm
02:28 Scout Tower
03:00 Arcane Tower
03:52 Keep
04:35 Farm
04:36 Farm
06:02 Town Hall
06:11 Town Hall
06:18 Scout Tower
06:18 Scout Tower
06:19 Scout Tower
06:20 Scout Tower
07:48 Town Hall
07:56 Scout Tower
07:58 Scout Tower
07:59 Scout Tower
08:00 Scout Tower
08:01 Scout Tower
08:14 Arcane Sanctum
08:53 Guard Tower
09:01 Castle
09:25 Guard Tower
10:38 Guard Tower
10:51 Arcane Vault
10:56 Farm
10:56 Farm
10:58 Farm
11:00 Farm
11:19 Scout Tower
11:22 Scout Tower
11:38 Barracks
11:59 Guard Tower
12:20 Guard Tower
15:41 Town Hall
16:20 Scout Tower
16:22 Scout Tower
16:24 Scout Tower
16:25 Scout Tower
16:49 Guard Tower
16:57 Farm
16:59 Farm
17:17 Guard Tower
18:46 Guard Tower
» items

»
Pontmercy (
pink | 40 APM | 815 actions | 20:35)
4 Mountain King
2 Storm Bolt
2 Bash
2 Archmage
1 Brilliance Aura
1 Summon Water Elemental
» actions
| Assign group hotkey | 25 | |
| Basic commands | 15 | |
| Build / train | 68 | |
| Enter build submenu | 21 | |
| Enter hero's abilities submenu | 6 | |
| Remove unit from queue | 1 | |
| Right click | 299 | |
| Select / deselect | 202 | |
| Select group hotkey | 146 | |
| Use ability | 32 | |
815 total
» units
| Peasant | 8 | |
| Footman | 4 | |
| Rifleman | 6 | |
| Priest | 3 | |
| Mortar Team | 2 | |
| Spell Breaker | 2 | |
| Flying Machine | 10 | |
35 total
» upgrades
| Masonry | 1 | |
| Gunpowder | 3 | |
| Armor | 1 | |
| Long Rifles | 1 | |
| Priest Training | 2 | |
| Plating | 2 | |
| Flak Cannons | 1 | |
| Flying Machine Bombs | 1 | |
| Control Magic | 1 | |
13 total
» buildings
| Altar of Kings | 1 | |
| Farm | 9 | |
| Scout Tower | 3 | |
| Barracks | 1 | |
| Arcane Tower | 2 | |
| Lumber Mill | 1 | |
| Arcane Vault | 1 | |
| Blacksmith | 1 | |
| Guard Tower | 1 | |
| Keep | 1 | |
| Arcane Sanctum | 1 | |
| Workshop | 1 | |
| Castle | 1 | |
24 total
» build order
00:08 Altar of Kings
00:11 Farm
00:52 Scout Tower
01:18 Barracks
01:45 Arcane Tower
02:01 Farm
02:23 Scout Tower
02:40 Farm
02:55 Lumber Mill
02:57 Arcane Tower
03:12 Arcane Vault
03:21 Blacksmith
03:55 Scout Tower
04:08 Farm
04:44 Guard Tower
04:46 Farm
05:25 Farm
05:30 Keep
07:27 Farm
08:17 Arcane Sanctum
08:23 Workshop
10:02 Farm
11:32 Castle
13:16 Farm
» items
| Scroll of Regeneration | 2 | |
| Scroll of Town Portal | 2 | |
4 total
Chat log
(00:18 / Allies) GoBoilers: be ready for rush
(00:22 / Allies) a65768764354357: knights preiest
(00:23 / Allies) brucewillisusa: chims
(00:32 / Allies) Pontmercy: im going tanks
(00:37 / Allies) brucewillisusa: nah they wont
(00:38 / Allies) brucewillisusa: i know this map
(00:40 / Allies) brucewillisusa: theyll tech
(00:46 / Allies) GoBoilers: riiiight
(00:48 / Allies) brucewillisusa: trust me bro
(01:14 / Allies) brucewillisusa: why would you go tanks on this map
(01:20 / Allies) brucewillisusa: its a straight shot 3 second walk to enemy base
(02:44 / Allies) brucewillisusa: lets all meet and clear a merc shop with heros
(03:25 / Allies) brucewillisusa: pontmercy use all your peasants to miltita and clera that merc shop
(03:28 / Allies) brucewillisusa: ill pay ou 100 gold
(03:34 / Allies) Pontmercy: where
(03:37 / Allies) Pontmercy: ah oh ok
(03:44 / Allies) brucewillisusa: ull need em all
(03:59 / Allies) Pontmercy: they busy right now
(04:37 / Allies) brucewillisusa: gj
(05:18 / Allies) Pontmercy: here comes the rush
(05:33 / Allies) brucewillisusa: i told u they would tech
(05:49 / Allies) brucewillisusa: he teched
(05:49 / Allies) brucewillisusa: air
(05:51 / Allies) brucewillisusa: bats or wyvs
(05:56 / Allies) brucewillisusa: teching
(06:01 / Allies) brucewillisusa: teched already
(06:25 / Allies) brucewillisusa: i just hope u guys can handle aa
(08:43 / Allies) Pontmercy: we are outclassed
(08:47 / Allies) brucewillisusa: rofl
(09:07 / Allies) brucewillisusa: u guys got aa for his wyvs?
(09:15 / Allies) GoBoilers: yea
(09:22 / Allies) Pontmercy: nope
(09:37 / Allies) a65768764354357: he got chims
(10:35 / Allies) brucewillisusa: wood pls
(10:36 / Allies) Pontmercy: interresting
(11:39 / Allies) brucewillisusa: eh has tanks
(11:45 / Allies) brucewillisusa: they kgot knights, tanks, chims
(11:46 / Allies) brucewillisusa: wyvs
(11:47 / Allies) GoBoilers: we shouldnt not be waiting
(11:49 / Allies) brucewillisusa: they got evthing
(11:57 / Allies) brucewillisusa: wjat?
(12:01 / Allies) brucewillisusa: yeah lets go suiciee with our shitty footmen
(12:03 / Allies) brucewillisusa: why wait
(12:30 / All) GoBoilers: lol
(12:50 / Allies) Pontmercy: blue out
(12:51 / Allies) GoBoilers: its an exp
(12:53 / Allies) GoBoilers: out
(13:13 / All) brucewillisusa: team of shitnoobs
(13:17 / All) brucewillisusa: said rush adn then didnt rush or tech
(13:33 / Allies) a65768764354357: can i get a lot of wood?
(13:42 / Allies) brucewillisusa: can i get a decent ally/
(13:47 / Allies) Pontmercy: tp
(13:53 / Allies) GoBoilers: tping
(16:55 / All) brucewillisusa: lol wyvs noob
(17:38 / Allies) brucewillisusa: dont 1v4
(17:41 / Allies) brucewillisusa: tp if u run int o them
(17:43 / Allies) brucewillisusa: if u have no tp
(17:44 / Allies) brucewillisusa: go hoem now
(17:53 / Allies) brucewillisusa: lol
(17:56 / Allies) brucewillisusa: just dying to face mass air
(17:58 / Allies) brucewillisusa: with knights
(17:59 / Allies) brucewillisusa: alone
(17:59 / Allies) Pontmercy: gotta get a tp
(18:46 / All) brucewillisusa: lol
(19:30 / Allies) brucewillisusa: back
(19:31 / Allies) brucewillisusa: tp all
(19:48 / Allies) brucewillisusa: gogogo
(20:14 / All) brucewillisusa: glaives mvp
(20:16 / All) brucewillisusa: glaives mvp